 Dungeon Crawl Stone Soup version 0.25-a0-362-g90ccd6aac3 (webtiles) character file.

Game seed: 14991433274184653678, levelgen mode: deterministic

29 Conn the Magician (level 3, 0/21 HPs)
             Began as an Octopode Wizard on Jan 4, 2020.
             Succumbed to an adder's poison
             ... on level 1 of the Dungeon.
             The game lasted 00:02:57 (788 turns).

Conn the Magician (Octopode Wizard)                  Turns: 788, Time: 00:02:58

Health: 0/21       AC:  1    Str:  7    XL:     3   Next: 16%
Magic:  8/8        EV: 13    Int: 20    God:
Gold:   51         SH:  0    Dex: 10    Spells: 8/9 levels left

rFire    . . .     SeeInvis .   h - +0 short sword
rCold    . . .     Gourm    .   (no shield)
rNeg     . . .     Faith    .   a - +0 hat
rPois    .         Spirit   .   (no amulet)
rElec    .         Reflect  .   (no ring)
rCorr    .         Harm     .   (no ring)
MR       .....                  (no ring)
Stlth    +++.......             (no ring)
HPRegen  0.07/turn              (no ring)
MPRegen  0.11/turn              (no ring)
                                (no ring)
                                (no ring)

@: lethally poisoned (0 -> -4), very slightly contaminated, invisible
A: almost no armour, stealthy swim, amphibious, 8 rings, constrict 8, camouflage
1, gelatinous body 1
a: no special abilities


You were on level 1 of the Dungeon.
You were not hungry.

You visited 1 branch of the dungeon, and saw 2 of its levels.

You collected 51 gold pieces.

Inventory:

Hand Weapons
 h - a +0 short sword (weapon)
Armour
 a - a +0 hat (worn)
Scrolls
 e - a scroll of remove curse
 f - a scroll of identify {unknown}
Comestibles
 c - a ration


   Skills:
 + Level 2.3 Dodging
 + Level 2.8 Stealth
 + Level 3.8 Spellcasting
 + Level 1.0 Conjurations
   Level 1.0 Summonings
   Level 1.0 Translocations


You had 8 spell levels left.
You knew the following spells:

 Your Spells              Type           Power        Failure   Level  Hunger
a - Magic Dart            Conj           #...         9%          1    None

Your spell library contained the following spells:

 Spells                   Type           Power        Failure   Level  Hunger
 Blink                    Tloc           N/A          13%         2    ##.....
 Call Imp                 Summ           #.......     13%         2    ##.....
 Slow                     Hex            #.......     21%         2    ##.....
 Conjure Flame            Conj/Fire      #.......     32%         3    ###....
 Mephitic Cloud           Conj/Pois/Air  #.......     34%         3    ###....


Dungeon Overview and Level Annotations

Branches:
Dungeon (2/15)

Altars:


Innate Abilities, Weirdness & Mutations

You cannot wear most types of armour.
You are very stealthy in the water. (Stealth+)
You are amphibious.
You can wear up to eight rings at the same time.
You can use your tentacles to constrict eight enemies at once.
Your skin changes colour to match your surroundings (Stealth+).
Your rubbery body absorbs attacks. (AC +1, EV +1)


Message History

* * * LOW HITPOINT WARNING * * *
You climb upwards.
The hobgoblin barely misses you.
There is a stone staircase leading down here.
* * * LOW HITPOINT WARNING * * *
You feel sick.
You aren't carrying any potions.
Okay, then.
As you read the scroll labeled GURETZOEWU, it crumbles to dust.
It is a scroll of amnesia.
Really abort (and waste the scroll)? [Y]es or [N]o only, please.
Really abort (and waste the scroll)?
Okay, then.
As you read the scroll labeled GAZOCH ZIGIXKO, it crumbles to dust.
You feel blessed for a moment.
It was a scroll of remove curse.
The adder misses you.
* * * LOW HITPOINT WARNING * * *
You feel sick. The adder misses you. The adder completely misses you.
You die...

######...... .#.#.8#.#.... #.
#.#..#'#.#.... #..
#..#<.#'..#.... # .. ..
#..#'####... ##. #.
#.###.#.8#...รท..
##..##.###....#########.##
............##..........##
#......@# #.......#####
#.......# #.......# # #....S.##
####..### # ###..(...# ##...#
## #........# #...## #(
..#.....g# ##..## ###. #
#......#####...# #...
#......##.....#######.##
###.####...>.....#..(###.......


You could see an adder and a hobgoblin (wandering).

Vanquished Creatures
  2 dart slugs (D:1)
  2 leopard geckos (D:1)
  A ball python (D:1)
  4 bats (D:1)
  A giant cockroach (D:1)
  A goblin (D:1)
  A hobgoblin (D:1)
  3 jackals (D:1)
  4 kobolds (D:1)
  2 rats (D:1)
21 creatures vanquished.

Notes
Turn   | Place    | Note
-------+----------+-------------------------------------------
     0 | D:1      | Conn the Octopode Wizard began the quest for the Orb.
     0 | D:1      | Reached XP level 1. HP: 11/11 MP: 4/4
   139 | D:1      | Reached XP level 2. HP: 14/17 MP: 1/6
   558 | D:1      | Reached XP level 3. HP: 21/21 MP: 5/8
   581 | D:1      | HP: 1/21 [leopard gecko (4)]
   780 | D:1      | HP: 1/21 [poisoned by an adder]
   788 | D:1      | Succumbed to an adder's poison

Levels and vault maps discovered:
D:1:      saegor_arrival_simple_c, layout_rooms, minivault_24
D:2:      layout_basic, minitemple, zin_angel, grunt_temple_overflow_open,
          first_ration

Action                   || total
-------------------------++-------
Melee: Unarmed           ||    14
       Tentacles         ||     5
       Short sword       ||    24
       Constrict         ||    11
 Cast: Magic Dart        ||    21
  Use: Potion            ||     3
       Scroll            ||     2
 Stab: Sleeping          ||     1
Armor: Skin              ||     7
Dodge: Dodged            ||    75

Table legend:
 A = Non-vault XP
 B = Vault XP
 C = Vault XP percentage of total XP
 D = Non-vault monster count
 E = Vault monster count
 F = Vault count percentage of total count
                 A         B        C        D         E       F
            +---------+---------+-------+---------+---------+-------
      Total |      42 |       0 |   0.0 |      21 |       0 |   0.0
            +---------+---------+-------+---------+---------+-------
        D:1 |      42 |       0 |   0.0 |      21 |       0 |   0.0
            +---------+---------+-------+---------+---------+-------
